 Dungeon Crawl Stone Soup version bcrawl-1.20 (webtiles) character file.

Game seed: 11013374345575209851

56 doomedcactus the Charmwright (level 3, -12/22 HPs)
             Began as a Skeleton Skald on Jan 22, 2020.
             Killed by divine providence
             ... invoked by an orc priest
              (14 damage)
             ... on level 2 of the Dungeon.
             The game lasted 00:04:08 (1356 turns).

doomedcactus the Charmwright (Skeleton Skald)       Turns: 1356, Time: 00:04:09

Health: -12/22     AC:  7    Str: 17    XL:     3   Next: 71%
Magic:  0/7        EV: 11    Int: 12    God:
Gold:   99         SH:  0    Dex:  8    Spells: 5/8 levels left

rFire    . . .     SeeInvis .   a - +0 falchion
rCold    + . .     Gourm    .   (no shield)
rNeg     + + +     Faith    .   f - +0 scale mail (curse)
rPois    ∞         Spirit   +   (no helmet)
rElec    .         Reflect  .   (no cloak)
rCorr    .         Harm     .   e - +0 pair of gloves
MR       .....                  (no boots)
Stlth    ..........             (no amulet)
HPRegen  0.07/turn              (no ring)
MPRegen  0.10/turn              (no ring)

@: singing
A: no food or potions, cold resistance 1, deterioration 1, negative energy
resistance 3, torment resistance, unbreathing, magic shield, sturdy frame 1,
spell healing
a: no special abilities


You were on level 2 of the Dungeon.
You were not hungry.

You visited 1 branch of the dungeon, and saw 2 of its levels.

You collected 99 gold pieces.

Inventory:

Hand Weapons
 a - a +0 falchion (weapon)
Armour
 b - a +0 leather armour
 e - a +0 pair of gloves (worn)
 f - a cursed +0 scale mail (worn)
Scrolls
 c - a scroll of fog {unknown}
 d - a scroll of fear
 g - a scroll of identify {unknown}
 h - 3 scrolls of teleportation {unknown}
 i - a scroll of enchant armour {unknown}


   Skills:
 + Level 2.4 Fighting
 + Level 3.0 Long Blades
 + Level 1.4 Armour
 + Level 2.3 Dodging
 + Level 3.4 Spellcasting
 + Level 4.1 Charms


You had 5 spell levels left.
You knew the following spells:

 Your Spells              Type           Power        Failure   Level  Hunger
a - Infusion              Chrm           ##......     10%         1    N/A
b - Song of Slaying       Chrm           ##......     14%         2    N/A

Your spell library contained the following spells:

 Spells                   Type           Power        Failure   Level  Hunger
 Ozocubu's Armour         Chrm/Ice       #.......     56%         3    N/A
 Spectral Weapon          Hex/Chrm       #.......     56%         3    N/A
 Regeneration             Chrm/Necr      Unusable     N/A         3    N/A

Dungeon Overview and Level Annotations

Branches:
Dungeon (2/12)

Altars:


Innate Abilities, Weirdness & Mutations

You do not eat or drink.
You are immune to poison.
Your flesh is cold resistant. (rC+)
Your body sometimes deteriorates upon taking damage.
You are immune to negative energy. (rN+++)
You are immune to unholy pain and torment.
You can survive without breathing.
When hurt, damage is shared between your health and your magic reserves.
Your movements are slightly less encumbered by armour. (ER -2)
Casting spells heals you.


Message History

You barely miss the orc.
The orc is moderately wounded.
The orc closely misses you. The orc hits you but does no damage.
You hit the orc.
The orc is almost dead.
The orc closely misses you.
The orc priest calls down the wrath of Beogh upon you.
Beogh smites you!
* * * LOW HITPOINT WARNING * * *
You hit the orc.
You kill the orc!
You hit the orc.
The orc is heavily wounded.
The orc barely misses you.
You hit the orc but do no damage.
The orc is heavily wounded.
The orc priest invokes the aid of Beogh against you.
Beogh smites you!
Ouch! That really hurt!
You die...

#.########.##.#
#..........##.##
#############..#
####### ##.#
#.....# #.##
#.###.####..##. #
#.# #......)...
###.#.####.#
###......#.
.....oo@...#
#.####.#
###.#.##########.#
... # .........#
... ########## ...
.>


You could see an orc priest and an orc.

Vanquished Creatures
  2 worms (D:2)
  2 dart slugs
  3 leopard geckos
  3 orcs (D:2)
  5 bats (D:1)
  5 hobgoblins (D:1)
  5 kobolds
  3 frilled lizards
  7 goblins
  3 rats
38 creatures vanquished.

Notes
Turn   | Place    | Note
-------+----------+-------------------------------------------
     0 | D:1      | doomedcactus the Skeleton Skald began the quest for the
                  | Orb.
     0 | D:1      | Reached XP level 1. HP: 12/12 MP: 4/4
    78 | D:1      | Reached XP level 2. HP: 17/17 MP: 3/6
   224 | D:1      | Reached skill level 4 in Charms
   229 | D:1      | Learned a level 2 spell: Song of Slaying
   368 | D:1      | Reached XP level 3. HP: 13/21 MP: 1/7
  1356 | D:2      | Killed from afar by an orc priest

Skill      XL: |  1  2  3 |
---------------+----------+-----
Charms         | 4 |  4.1
Long Blades    | 3 |  3.0
Fighting       | |  2.4
Armour         | |  1.4
Dodging        | |  2.3
Spellcasting   | |  3.4

Action                   || total
-------------------------++-------
Melee: Falchion          ||   172
 Cast: Infusion          ||     2
       Song of Slaying   ||     2
Armor: Leather armour    ||     9
       Scale mail        ||    67
Dodge: Dodged            ||   118
